 Dungeon Sprint DCSS version 0.16-a0-3803-gd4b2de5 (webtiles) character file.

14119 PolkaDot the Stickfighter (level 11, 0/100 HPs)
             Began as a Vampire Gladiator on Jan 26, 2015.
             Was the Champion of Dithmenos.
             Slain by an azure jelly (15 damage)
             ... in the Dungeon (Sprint V: "Ziggurat Sprint").
             The game lasted 00:12:28 (1506 turns).

PolkaDot the Stickfighter (Vampire Gladiator)       Turns: 1506, Time: 00:12:29

Health: 0/100      AC: 26    Str: 20    XL:     11   Next: 84%
Magic:  11/11      EV: 22    Int: 10    God:    Dithmenos [******]
Gold:   0          SH:  0    Dex: 33    Spells: 1 memorised, 5 levels left

rFire  + . .     SeeInvis +     I - +5 lajatang (drain)
rCold  + . .     Clarity  .     M - +5 plate armour
rNeg   + . .     SustAb   .     (no shield)
rPois  +         Gourm    .     c - +0 helmet
rElec  +         Spirit   .     (no cloak)
rCorr  +         Warding  +     p - +2 pair of gloves {archery}
rMut   .         NoTele   +     (no boots)
MR     +....                    U - amulet of warding
Stlth  ..........               D - +6 ring of dexterity
                                C - +6 ring of dexterity

@: mighty, agile, resistant, regenerating very quickly, wreathed by umbra,
somewhat resistant to hostile enchantments, extremely unstealthy
A: bottle blood, fangs 3, see invisible, unbreathing
a: Shadow Step, Shadow Form, Renounce Religion


You were in the Dungeon.
You worshipped Dithmenos.
Dithmenos was exalted by your worship.
You were almost alive.

You visited 1 branch

Inventory:

Hand weapons
 I - a +5 lajatang of draining (weapon)
Missiles
 d - 3 throwing nets (quivered)
Armour
 a - a +5 crystal plate armour
 b - a +0 leather armour
 c - a +0 helmet (worn)
 p - a +2 pair of gloves of archery (worn)
 J - a +5 fire dragon armour
 K - a +5 gold dragon armour
 L - a +5 ice dragon armour
 M - a +5 plate armour (worn)
 N - a +5 shadow dragon armour
 O - a +5 storm dragon armour
Jewellery
 C - a +6 ring of dexterity (left hand)
 D - a +6 ring of dexterity (right hand)
 E - a +6 ring of intelligence
 F - a +6 ring of intelligence
 G - a +6 ring of strength
 H - a +6 ring of strength
 Q - a +5 ring of strength
 R - an uncursed ring of stealth
 S - an uncursed ring of protection from fire
 U - an amulet of warding (around neck)
Magical devices
 y - a wand of disintegration (7)
 z - a wand of fire (5)
 A - a wand of cold (5)
 B - a wand of draining (5)
Scrolls
 k - 4 scrolls of blinking
 s - 4 scrolls of amnesia
 t - 5 scrolls of recharging
 u - 7 scrolls of fog
 v - 5 scrolls of identify
 w - 5 scrolls of remove curse
 x - 2 scrolls of fear
Potions
 f - 8 potions of curing
 g - 3 potions of heal wounds
 h - 6 potions of haste
 i - 7 potions of magic
 j - 2 potions of berserk rage
 l - 2 potions of brilliance
 m - 6 potions of blood {@*1}
 n - 2 potions of restore abilities
 o - a potion of resistance
 q - 3 potions of agility
 r - 3 potions of might
Miscellaneous
 e - a phantom mirror
 P - an ornate deck of defence {drawn: 4}


   Skills:
 + Level 14.1 Fighting
 - Level 15.0 Staves
 - Level 1.5 Throwing
 + Level 12.9 Armour
 + Level 11.8 Dodging


You had 5 spell levels left.
You knew the following spells:

 Your Spells              Type           Power        Failure   Level  Hunger
a - Summon Mana Viper     Hex/Summ       #.......     100%        5    ######.


Dungeon Overview and Level Annotations

Branches:
Dungeon (1/1)

Altars:
Ashenzari
Cheibriados
Dithmenos
Elyvilon
Fedhas
Gozag
Kikubaaqudgha
Makhleb
Nemelex Xobeh
Okawaru
Qazlal
Ru
Sif Muna
Trog
Vehumet
Xom
Yredelemnul
Zin
The Shining One
Beogh
Jiyva
Lugonu


Innate Abilities, Weirdness & Mutations

Your natural rate of healing is extremely fast.
You can bottle blood from corpses.
You have razor-sharp teeth.
You have supernaturally acute eyesight.
You can survive without breathing.


Message History

You emit a cloud of dark smoke.
The death ooze misses you.
The slime creature completely misses you.
The death ooze completely misses you.
The death ooze hits you but does no damage.
The jelly misses you.
The giant orange brain pulsates.
The giant orange brain blinks!
The death ooze hits you.
* * * LOW HITPOINT WARNING * * *
The death ooze hits you!!
* * * LOW HITPOINT WARNING * * *
The wolf spider closely misses you. The wolf spider misses you.
An eye of devastation comes into view.
The eye of devastation turns its gaze towards you.
The jelly jiggles.
The jelly misses you.
The eye of devastation moves out of view.
The azure jelly hits you.
* * * LOW HITPOINT WARNING * * *
The azure jelly freezes you! You resist.
You die...

")? : ▓..=..=...▓..:
..)..:)..▓..}[=[)..▓...
▓.........▓.........▓...
▓.........▓.........▓...
▓....g....▓.........▓...
▓.........▓.........▓...
▓..▓GJh▓h.▓.........▓..)
▓...JJJJ§.▓.▓...÷.▓.▓..(
▓...§sJ@..▓.........▓▓▓▓
▓▓▓▓▓▓▓▓▓▓▓▓▓▓▓▓▓▓▓▓▓


You could see an azure jelly, a wolf spider, 2 death oozes, 2 jellies and 2
jackals.

Vanquished Creatures
  4 storm dragons (D)
  A deep elf demonologist (D)
  A deep elf knight (D)
  2 deep elf summoners (D)
  3 spriggan druids (D)
  A hornet (D)
  A griffon (D)
  A naga mage (D)
  A deep elf priest (D)
  3 slime creatures (D)
  An air elemental (D)
  A trapdoor spider (D)
  3 spriggans (D)
  A deep elf mage (D)
  4 deep elf fighters (D)
  A water moccasin (D)
  5 insubstantial wisps (D)
  2 black bears (D)
  An ogre (shapeshifter) (D)
  A spider (D)
  An eye of draining (D)
  2 jellies (D)
  An orc priest (D)
  4 orc wizards (D)
  An adder (D)
  3 shadow imps (D)
  An ufetubus (D)
  3 white imps (D)
  3 oozes (D)
  4 ball pythons (D)
  4 fungi (D)
65 creatures vanquished.

Vanquished Creatures (others)
  A deep elf conjurer (D)
  A fungus (D)
2 creatures vanquished.

Grand Total: 67 creatures vanquished

Notes
Turn   | Place    | Note
--------------------------------------------------------------
     0 | D        | PolkaDot, the Vampire Gladiator, began the quest for the Orb.
     0 | D        | Reached XP level 1. HP: 16/16 MP: 1/1
     0 | D        | Found a corrupted altar of Lugonu.
     0 | D        | Found a viscous altar of Jiyva.
     0 | D        | Found a white marble altar of Elyvilon.
     0 | D        | Found a burning altar of Makhleb.
     0 | D        | Found an iron altar of Okawaru.
     2 | D        | Found a sparkling altar of Nemelex Xobeh.
     2 | D        | Found a basalt altar of Yredelemnul.
     2 | D        | Found a deep blue altar of Sif Muna.
     2 | D        | Found a radiant altar of Vehumet.
     7 | D        | Found a bloodstained altar of Trog.
    19 | D        | Found a shimmering altar of Xom.
    58 | D        | Reached skill level 6 in Staves
    58 | D        | Reached XP level 2. HP: 22/22 MP: 2/2
    63 | D        | Became a worshipper of Dithmenos the Shadowed
    73 | D        | Entered arena 1.
    73 | D        | Noticed a deep elf summoner
    83 | D        | Killed a deep elf summoner
    83 | D        | Reached skill level 10 in Staves
    83 | D        | Reached skill level 5 in Armour
    83 | D        | Reached XP level 3. HP: 26/35 MP: 3/3
    83 | D        | Reached XP level 4. HP: 30/41 MP: 4/4
    83 | D        | Reached XP level 5. HP: 34/47 MP: 5/5
    83 | D        | Reached XP level 6. HP: 38/53 MP: 6/6
    83 | D        | Reached XP level 7. HP: 42/59 MP: 7/7
    97 | D        | Entered arena 2.
   170 | D        | Entered arena 3.
   172 | D        | Acquired Dithmenos' first power
   228 | D        | Entered arena 4.
   228 | D        | Noticed a jelly
   228 | D        | Noticed a slime creature
   228 | D        | Noticed an eye of draining
   235 | D        | Killed a slime creature
   235 | D        | Acquired Dithmenos' second power
   235 | D        | Reached skill level 11 in Staves
   236 | D        | Killed a jelly
   240 | D        | Killed an eye of draining
   247 | D        | Identified the Volume of Shape Shifting (You found it in the Dungeon)
   321 | D        | Entered arena 5.
   321 | D        | Noticed an orc priest
   321 | D        | Noticed an orc wizard
   321 | D        | Noticed an orc wizard
   321 | D        | Noticed an orc wizard
   321 | D        | Noticed an orc wizard
   325 | D        | Killed an orc wizard
   325 | D        | Acquired Dithmenos' third power
   327 | D        | Killed an orc wizard
   328 | D        | Killed an orc wizard
   334 | D        | Killed an orc wizard
   334 | D        | Reached XP level 8. HP: 15/67 MP: 8/8
   335 | D        | Killed an orc priest
   513 | D        | Entered arena 6.
   513 | D        | Noticed a deep elf fighter
   513 | D        | Noticed a deep elf summoner
   513 | D        | Noticed a deep elf fighter
   513 | D        | Noticed a deep elf priest
   513 | D        | Noticed a deep elf mage
   524 | D        | Killed a deep elf summoner
   524 | D        | Acquired Dithmenos' fourth power
   524 | D        | Reached skill level 12 in Staves
   529 | D        | Killed a deep elf priest
   532 | D        | Killed a deep elf fighter
   536 | D        | Killed a deep elf fighter
   536 | D        | Reached XP level 9. HP: 43/76 MP: 9/9
   543 | D        | Killed a deep elf mage
   543 | D        | Reached skill level 13 in Staves
   664 | D        | Entered arena 7.
   664 | D        | Noticed a slime creature
   664 | D        | Noticed a slime creature
   664 | D        | Noticed a jelly
   664 | D        | Noticed a slime creature
   670 | D        | Killed a slime creature
   691 | D        | Killed a large slime creature
   694 | D        | Killed a jelly
   720 | D        | Learned a level 5 spell: Summon Mana Viper
   848 | D        | Entered arena 8.
   848 | D        | Noticed a water moccasin
   848 | D        | Noticed a naga mage
   853 | D        | Killed a water moccasin
   863 | D        | Killed a naga mage
   863 | D        | Reached skill level 10 in Fighting
   959 | D        | Entered arena 9.
   959 | D        | Noticed a spriggan druid
   959 | D        | Noticed a spriggan druid
   959 | D        | Noticed a spriggan
   959 | D        | Noticed a spriggan
   959 | D        | Noticed a spriggan druid
   959 | D        | Noticed a spriggan
   959 | D        | Noticed a black bear
   959 | D        | Noticed a black bear
   967 | D        | Killed a spriggan
   974 | D        | Killed a spriggan druid
   974 | D        | Reached skill level 14 in Staves
   976 | D        | Killed a spriggan druid
   976 | D        | Reached XP level 10. HP: 86/86 MP: 10/10
   980 | D        | Killed a spriggan druid
   982 | D        | Killed a spriggan
   984 | D        | Killed a spriggan
   984 | D        | Reached skill level 10 in Armour
   985 | D        | Killed a black bear
   985 | D        | Reached skill level 15 in Staves
   990 | D        | Killed a black bear
  1053 | D        | Entered arena 10.
  1053 | D        | Noticed a hornet
  1053 | D        | Noticed a spider
  1053 | D        | Noticed a deep elf fighter
  1053 | D        | Noticed a deep elf fighter
  1053 | D        | Noticed a deep elf demonologist
  1053 | D        | Noticed a deep elf conjurer
  1054 | D        | Noticed a deep elf knight
  1056 | D        | Noticed a trapdoor spider
  1056 | D        | Killed a deep elf conjurer
  1059 | D        | Noticed a blizzard demon
  1060 | D        | Killed a spider
  1068 | D        | Killed a deep elf demonologist
  1068 | D        | Reached skill level 5 in Dodging
  1072 | D        | Killed a deep elf knight
  1073 | D        | Paralysed by a hornet for 3 turns
  1080 | D        | Paralysed by a hornet for 2 turns
  1083 | D        | Killed a deep elf fighter
  1088 | D        | Killed a deep elf fighter
  1089 | D        | Killed a hornet
  1092 | D        | Killed a trapdoor spider
  1354 | D        | Entered arena 11.
  1354 | D        | Noticed an insubstantial wisp
  1354 | D        | Noticed an insubstantial wisp
  1354 | D        | Noticed an insubstantial wisp
  1354 | D        | Noticed an air elemental
  1354 | D        | Noticed an insubstantial wisp
  1354 | D        | Noticed a storm dragon
  1354 | D        | Noticed a storm dragon
  1354 | D        | Noticed an insubstantial wisp
  1354 | D        | Noticed a griffon
  1355 | D        | Noticed a storm dragon
  1355 | D        | Noticed a storm dragon
  1362 | D        | Killed an air elemental
  1366 | D        | Killed a storm dragon
  1366 | D        | Reached XP level 11. HP: 54/96 MP: 11/11
  1371 | D        | Killed a storm dragon
  1375 | D        | Killed a storm dragon
  1375 | D        | Reached skill level 10 in Dodging
  1377 | D        | Killed a griffon
  1378 | D        | Killed an insubstantial wisp
  1384 | D        | Killed a storm dragon
  1385 | D        | Killed an insubstantial wisp
  1388 | D        | Killed an insubstantial wisp
  1392 | D        | Killed an insubstantial wisp
  1395 | D        | Killed an insubstantial wisp
  1406 | D        | Got the ring of Gibbol {Contam +Fly rF- Str+3 Slay+1}
  1412 | D        | Got the ring "Ryson" {Ice +Fly rPois+ rN++ Int-2}
  1494 | D        | Entered arena 12.
  1494 | D        | Noticed a death ooze
  1494 | D        | Noticed an azure jelly
  1494 | D        | Noticed a shining eye
  1494 | D        | Noticed a death ooze
  1494 | D        | Noticed a jelly
  1494 | D        | Noticed a jelly
  1494 | D        | Noticed a slime creature
  1494 | D        | Noticed a giant orange brain
  1495 | D        | Noticed a wolf spider
  1506 | D        | Noticed an eye of devastation
  1506 | D        | Slain by an azure jelly

Action                   |  1- 3 |  4- 6 |  7- 9 | 10-12 || total
-------------------------+-------+-------+-------+-------++-------
Melee: Lajatang          |     8 |       |   120 |    85 ||   213
Evoke: Deck              |       |       |     4 |       ||     4
  Use: Potion            |     2 |       |     7 |    15 ||    24
       Scroll            |       |       |     1 |     2 ||     3
 Stab: Invisible         |       |       |       |    23 ||    23
       Fleeing           |       |       |       |     1 ||     1
  Eat: Corpse            |       |       |     7 |     3 ||    10
